 Dungeon Crawl Stone Soup version 0.28-a0-1506-g3893175d92 (webtiles) character file.

Game seed: 16477622941918292247

9 knot the Chopper (level 2, 24/24 HPs)
             Began as a Demonspawn Berserker on Jan 14, 2022.
             Was a Follower of Trog.
             Quit the game on level 1 of the Dungeon.
             The game lasted 00:00:13 (174 turns).

knot the Chopper (Demonspawn Berserker)              Turns: 174, Time: 00:00:14

Health: 24/24      AC:  2    Str: 17    XL:     2   Next: 3%
Magic:  2/2        EV: 12    Int:  8    God:    Trog [*.....]
Gold:   0          SH:  4    Dex: 12    Spells: 1/1 levels left

rFire   . . .      SeeInvis .   a - +0 hand axe
rCold   . . .      Faith    .   (no shield)
rNeg    . . .      Spirit   .   b - +0 animal skin
rPois   .          Reflect  .   (no helmet)
rElec   .          Harm     .   (no cloak)
rCorr   .          Rampage  .   (no gloves)
Will    .....                   (no boots)
Stlth   +.........              (no amulet)
HPRegen 0.08/turn               (no ring)
MPRegen 0.08/turn               (no ring)

@: no status effects
A: condensation shield
a: Renounce Religion, Berserk


You were on level 1 of the Dungeon.
You worshipped Trog.
Trog was aware of your devotion.
You visited 1 branch of the dungeon, and saw 1 of its levels.

Inventory:

Hand Weapons
 a - a +0 hand axe (weapon)
Armour
 b - a +0 animal skin (worn)
Scrolls
 c - a scroll of identify {unknown}


   Skills:
 - Level 3.0 Fighting
 + Level 3.2 Axes
 - Level 1.7 Armour
 - Level 1.7 Dodging


You had one spell level left.
You didn't know any spells.
Your spell library was empty.

Dungeon Overview and Level Annotations

Branches:
Dungeon (1/15)

Altars:

Shops:
D:1 !


Innate Abilities, Weirdness & Mutations

A meltable shield of frost defends you. (SH +4)


Message History

The endoplasm is heavily wounded.
The endoplasm hits you.
You completely miss the endoplasm.
The endoplasm is heavily wounded.
The endoplasm closely misses you.
You barely miss the endoplasm.
The endoplasm is heavily wounded.
The endoplasm hits you.
You hit the endoplasm but do no damage.
The endoplasm is heavily wounded.
The endoplasm hits you but does no damage.
You hit the endoplasm.
The endoplasm is almost dead.
The endoplasm barely misses you. x2
You slash the endoplasm!
You kill the endoplasm!
Trog accepts your kill.
A hobgoblin comes into view.
The hobgoblin shouts!
You hear a shout! x3
A hobgoblin is nearby!
A hobgoblin is nearby!
The hobgoblin barely misses you.
You slash the hobgoblin!
You kill the hobgoblin!
Trog accepts your kill.
No target in view!
No target in view!
No target in view!
A kobold comes into view. It is wielding a +0 dagger.
Found Fiselepp's Distillery.
You see here a hobgoblin corpse.
A kobold is nearby!
A hobgoblin comes into view.
You hit the kobold.
You kill the kobold!
Trog accepts your kill.
You have reached level 2!
Your demonic ancestry asserts itself...
Frost condenses into a shield before you.
Are you sure you want to abandon this character and quit the game? (Confirm with "yes".)

#.##.###+#..
#.#.......#..
.###.# ...#
#####.....# . .#
#.# #...#
##.†.#..# .#
#...###...###....
#.# #...>...##
.[.. ###
##.._..## ##.
##..†## . #...#
≈# #..@# ..#
#..)# ..# #...g
##. 8.8.8.. .#
..⌠.⌠....
##8.∩.8...#
..⌠.⌠....#
..8.8.8...#


You could see a hobgoblin.

Vanquished Creatures
  A dart slug (D:1)
  An endoplasm (D:1)
  A giant cockroach (D:1)
  A hobgoblin (D:1)
  A kobold (D:1)
  A rat (D:1)
6 creatures vanquished.

Notes
Turn   | Place    | Note
-------+----------+-------------------------------------------
     0 | D:1      | knot the Demonspawn Berserker began the quest for the Orb.
     0 | D:1      | Reached XP level 1. HP: 18/18 MP: 1/1
   105 | D:1      | Found a faded altar of an unknown god.
   170 | D:1      | Found Fiselepp's Distillery.
   174 | D:1      | Gained mutation: A meltable shield of frost defends you.
                  | (SH +4) [demonic ancestry]
   174 | D:1      | Reached XP level 2. HP: 24/24 MP: 2/2
   174 | D:1      | Quit the game

Illustrated notes

Levels and vault maps discovered:
D:1:      dpeg_arrival_brainrot, layout_basic,
          hellmonk_ecumenical_altar_crossroads, serial_shops,
          nicolae_shop_temple_entry_statues_fountains,
          chequers_serial_rivers_large_b, minmay_misc_feat_secret_circle

Skill      XL: |  1 |
---------------+----+-----
Axes           | 3 |  3.2
Fighting       | |  3.0
Armour         | |  1.7
Dodging        | |  1.7

Action                   || total
-------------------------++-------
Melee: Hand axe          ||    21
Armor: Animal skin       ||     2
Dodge: Dodged            ||    13

Table legend: (Time is in decaauts)
 A = Elapsed time spent in this place.
 B = Non-inter-level travel time spent in this place.
 C = Inter-level travel time spent in this place.
 D = Time resting spent in this place.
 E = Time spent auto-exploring this place.
 F = Levels seen in this place.
 G = Mean time per level.
                   A        B        C        D        E       F      G
               +--------+--------+--------+--------+--------+-----+--------+
         Total |    177 |    177 |      0 |      0 |    132 |   1 |  177.0 |
       Dungeon |    177 |    177 |      0 |      0 |    132 |   1 |  177.0 |
               +--------+--------+--------+--------+--------+-----+--------+

Top non-repeatable levels by time:
     D:1: 177 daAuts
